Map: Deathaura LE

Players

Babek

  • Race: Protoss Protoss
  • League: Platinum
  • Spawn Location: 11:00

Massa - Winner!

  • Race: Terran Terran
  • League: Platinum
  • Spawn Location: 5:00

VOD

Have the link to the VOD?

Description

Time

  • Played on: Oct. 22, 2020, 2:19 p.m.
  • Length: 8:03
Show
View Real Time Build Order
Export as new Build Order

Babek Protoss 

Build Orders:  

Get SALT Encoding   

  12  0:01  Probe  
  13  0:21  Pylon  
  13  0:22  Probe  
  14  0:34  Probe  
  15  0:43  Gateway  
  15  0:51  Probe (Chrono Boost), Assimilator  
  15  0:53  Assimilator  
  16  1:02  Probe (Chrono Boost)  
  17  1:10  Probe (Chrono Boost)  
  18  1:22  Probe (Chrono Boost)  
  19  1:29  Probe (Chrono Boost)  
  20  1:36  Probe  
  20  1:38  Cybernetics Core  
  21  1:48  Probe  
  22  2:00  Probe  
  23  2:06  Pylon  
  23  2:09  Pylon  
  23  2:21  Adept (Chrono Boost)  
  23  2:24  Probe  
  23  2:29  Nexus  
  26  3:03  Adept  
  28  3:06  Warp Gate (Chrono Boost)  
  28  3:09  Probe, Nexus  
  29  3:28  Robotics Facility  
  29  3:34  Pylon  
  29  3:45  Gateway  
  29  3:47  Gateway  
  29  3:57  Pylon  
  29  4:03  Probe (Chrono Boost)  
  29  4:06  Gateway  
  29  4:08  Probe (Chrono Boost)  
  31  4:13  Probe (Chrono Boost)  
  31  4:16  Observer (Chrono Boost)  
  33  4:22  Twilight Council  
  33  4:29  Observer (Chrono Boost), Shield Battery  
  34  4:32  Probe x3  
  36  4:44  Probe  
  33  4:55  Adept x3  
  39  5:01  Probe  
  39  5:02  Probe x2  
  42  5:12  Pylon  
  42  5:14  Probe  
  43  5:29  Probe (Chrono Boost)  
  43  5:30  Probe (Chrono Boost)  
  43  5:31  Forge  
  43  5:34  Probe (Chrono Boost)  
  46  5:37  Charge  
  46  5:40  Probe (Chrono Boost)  
  46  5:41  Probe (Chrono Boost)  
  49  5:45  Probe (Chrono Boost)  
  49  5:48  Stalker x2  
  53  6:03  Stalker x2  
  57  6:08  Immortal  
  61  6:18  Sentry x2  
  65  6:35  Stalker x2  
  67  6:46  Stalker x2  
  49  7:02  Stalker  
  49  7:03  Stalker  
  43  7:13  Stalker x2  
  40  7:29  Gateway  
  40  7:31  Gateway  
  40  7:34  Gateway  
  40  7:37  Gateway  
  40  7:39  Probe x2  
  40  7:41  Pylon  
  42  7:45  Pylon  
  42  7:50  Stalker x2  
  46  7:55  Shield Battery x2  
  46  7:56  Pylon  
Show
View Real Time Build Order
Export as new Build Order

Massa Terran - Winner!

Build Orders: Reaper Expand 

Get SALT Encoding   

  12  0:00  SCV  
  13  0:12  SCV  
  14  0:18  Supply Depot  
  14  0:24  SCV  
  15  0:39  Refinery  
  15  0:40  SCV  
  16  0:44  Barracks  
  16  0:52  SCV  
  17  1:04  SCV  
  18  1:16  SCV  
  19  1:30  Orbital Command  
  19  1:32  Reaper  
  20  1:43  Command Center  
  20  2:03  Marine  
  20  2:07  SCV  
  22  2:12  Engineering Bay  
  22  2:20  Factory  
  22  2:23  Barracks Reactor  
  22  2:38  Supply Depot  
  22  3:02  Marine x2  
  22  3:05  Factory Tech Lab  
  24  3:07  Orbital Command  
  24  3:10  SCV  
  25  3:16  Starport  
  25  3:18  Refinery  
  25  3:20  Marine x2  
  25  3:22  SCV  
  28  3:34  SCV, Hellion  
  30  3:35  SCV  
  30  3:38  Marine x2  
  34  3:46  SCV  
  34  3:47  SCV, Missile Turret  
  38  3:58  SCV, Marine x2  
  38  3:59  SCV  
  38  4:00  Siege Tank  
  43  4:07  Refinery  
  43  4:10  Refinery, SCV, Medivac  
  46  4:17  Supply Depot  
  46  4:20  Supply Depot  
  46  4:27  Missile Turret  
  46  4:38  SCV x2, Marine x2  
  50  4:50  SCV x2  
  52  4:56  Marine x2  
  52  4:58  Siege Tank  
  52  4:59  Liberator  
  57  5:04  Barracks  
  60  5:14  Marine x2, Supply Depot  
  62  5:35  Marine x2  
  62  5:36  Widow Mine, SCV x2  
  62  5:38  Supply Depot  
  68  5:45  Medivac  
  70  5:59  SCV x2, Marine x2, Supply Depot  
  70  6:00  Widow Mine  
  70  6:01  Barracks Tech Lab, Supply Depot  
  76  6:05  Supply Depot  
  76  6:17  Marine  
  77  6:21  Siege Tank  
  77  6:44  Marauder, Marine x2  
  71  7:02  Marine x2  
  71  7:06  Marauder  
  73  7:20  Marine, Siege Tank  
  77  7:27  Marauder  
  79  7:31  Armory, Medivac  
Tags
 
Add a new tag
Caveats
  • Supply blocks, unpowered buildings, or Contaminate may cause inaccurate times.
  • Supply counts are checked every 10 seconds.